Map: Alcyone LE

Players

NAVISpirit (souL)

  • Race: Terran Terran
  • League: Grandmaster
  • Spawn Location: 7:00

MaxPax - Winner!

  • Race: Protoss Protoss
  • League: Master
  • Spawn Location: 1:00

VOD

Have the link to the VOD?

Description

Time

  • Played on: July 30, 2024, 10:57 a.m.
  • Length: 12:28
Show
View Real Time Build Order
Export as new Build Order

NAVISpirit Terran 

Build Orders:  

Get SALT Encoding   

  12  0:00  SCV  
  13  0:12  SCV  
  14  0:17  Supply Depot  
  14  0:24  SCV  
  15  0:38  SCV  
  15  0:40  Barracks  
  16  0:43  Refinery  
  16  0:51  SCV  
  17  1:03  SCV  
  18  1:15  SCV  
  19  1:27  Orbital Command, Marine  
  20  1:42  Command Center  
  20  1:45  Reaper  
  21  1:52  Supply Depot  
  21  1:55  SCV  
  22  2:07  SCV  
  23  2:10  Factory  
  23  2:19  SCV  
  23  2:21  Bunker, Marine  
  25  2:28  Bunker  
  25  2:31  SCV  
  26  2:40  Barracks Reactor  
  26  2:49  SCV  
  27  2:54  Orbital Command  
  27  2:55  Hellion  
  29  3:01  SCV  
  30  3:07  Command Center  
  30  3:15  SCV  
  30  3:17  Marine x2, Cyclone  
  34  3:28  SCV x2  
  36  3:37  Barracks  
  36  3:40  SCV x2  
  37  3:49  Factory Tech Lab  
  37  3:50  Marine  
  37  3:52  Marine, SCV  
  37  3:53  SCV  
  41  3:58  Refinery  
  41  4:01  Barracks  
  41  4:04  SCV, Engineering Bay  
  41  4:05  SCV  
  43  4:15  Marine x2, Factory Tech Lab  
  43  4:17  SCV  
  46  4:18  SCV  
  46  4:20  Orbital Command  
  47  4:26  Barracks Tech Lab  
  47  4:29  SCV  
  47  4:30  SCV  
  49  4:33  Marine x2  
  49  4:34  Bunker  
  49  4:35  Siege Tank  
  49  4:36  Supply Depot  
  54  4:41  SCV  
  54  4:43  SCV  
  54  4:45  Stimpack  
  56  4:46  Marine  
  56  4:48  SCV  
  56  4:51  Marine  
  59  4:52  Starport  
  59  4:53  SCV  
  59  4:54  Marine  
  59  4:57  Marine  
  59  4:58  SCV  
  59  4:59  Refinery  
  63  5:03  Marine, Supply Depot  
  63  5:08  Marine  
  63  5:10  SCV  
  63  5:11  Siege Tank  
  63  5:13  Marine  
  65  5:15  Marine  
  65  5:19  SCV  
  65  5:21  Marine  
  65  5:26  Marine  
  66  5:31  Marine  
  66  5:33  Marine  
  69  5:35  SCV  
  69  5:39  Refinery  
  69  5:41  SCV  
  71  5:51  Refinery  
  71  5:52  Marine  
  71  5:55  Siege Tank, Barracks  
  71  5:56  Barracks  
  76  5:59  SCV  
  76  6:00  Supply Depot x2, SCV x2  
  77  6:09  Starport Reactor  
  77  6:10  Barracks Tech Lab  
  77  6:12  Engineering Bay  
  77  6:21  Marine x2, Terran Infantry Weapons Level 1  
  77  6:22  SCV x3  
  77  6:24  Supply Depot  
  82  6:26  Supply Depot, Barracks Tech Lab  
  82  6:30  Starport Reactor, Marauder  
  83  6:34  SCV x2  
  83  6:38  SCV  
  83  6:39  Marine  
  82  6:43  Barracks Reactor  
  82  6:44  Combat Shield, Barracks Tech Lab  
  82  6:45  Marine x2  
  82  6:46  SCV x2  
  87  6:51  Marine  
  87  6:53  Concussive Shells  
  89  6:57  Marine  
  89  6:58  SCV x2  
  89  6:59  Orbital Command  
  89  7:00  Supply Depot  
  91  7:02  Marine x3, Supply Depot  
  91  7:06  Command Center  
  89  7:09  Siege Tank  
  89  7:10  Marine, SCV  
  89  7:11  SCV  
  89  7:15  Marine  
  87  7:16  Medivac  
  87  7:20  Marine  
  87  7:21  Marine x2  
  87  7:22  SCV  
  92  7:24  Medivac  
  92  7:26  Marine  
  92  7:27  Marine  
  92  7:28  Marine  
  97  7:31  SCV  
  97  7:33  Marine  
  97  7:34  SCV  
  97  7:36  SCV  
  101  7:40  Supply Depot  
  101  7:43  SCV  
  102  7:45  Siege Tank  
  102  7:46  Medivac, SCV  
  102  7:47  Missile Turret  
  102  7:51  Marine, SCV  
  108  7:54  Marine, Medivac  
  108  7:56  Marine, SCV  
  112  7:58  SCV  
  112  8:01  Marine  
  112  8:04  Marine x2, SCV  
  115  8:08  SCV  
  115  8:10  Marine x2, SCV  
  115  8:12  Refinery x2  
  119  8:16  Medivac, SCV  
  119  8:18  Ghost Academy  
  122  8:20  Supply Depot, SCV  
  122  8:23  SCV  
  122  8:24  Marine x4  
  128  8:28  Marine x3, SCV  
  128  8:30  Terran Infantry Armor Level 1  
  128  8:32  SCV  
  133  8:36  Factory, SCV  
  134  8:42  Marine x3, SCV  
  134  8:44  SCV  
  134  8:45  Armory  
  134  8:47  Marine  
  134  8:48  Marine x3, SCV  
  144  8:54  SCV  
  145  8:57  SCV  
  145  8:58  Supply Depot  
  145  8:59  Marine  
  145  9:00  Marine x2  
  148  9:09  Viking  
  147  9:10  Viking  
  148  9:19  Factory Tech Lab  
  146  9:24  Command Center  
  146  9:25  Marine x3  
  146  9:28  Ghost x3, Marine, SCV  
  157  9:35  Terran Infantry Weapons Level 2  
  157  9:40  Supply Depot  
  157  9:43  Terran Vehicle Weapons Level 1  
  157  9:49  Supply Depot  
  157  9:53  Supply Depot x3  
  157  9:55  Supply Depot  
  157  10:01  Siege Tank x2, SCV x2  
  165  10:08  Supply Depot  
  165  10:10  Ghost, SCV, Medivac x2  
  165  10:12  Supply Depot  
  172  10:15  SCV  
  173  10:30  Marine, Marauder x2  
  173  10:31  Marine x3  
  173  10:33  Siege Tank  
  184  10:37  Supply Depot  
  184  10:38  Marine  
  184  10:39  SCV x3  
  184  10:41  Siege Tank  
  191  10:48  Marine x2  
  191  10:49  Marine x2  
  195  10:51  Missile Turret  
  195  11:05  Siege Tank  
  195  11:07  Marine  
  195  11:08  Marine, Marauder  
  195  11:09  Marauder  
  187  11:13  Siege Tank  
  187  11:16  Marine  
  187  11:17  Marauder  
  164  11:20  Planetary Fortress  
  164  11:21  Marine, Sensor Tower  
  164  11:22  Refinery  
  164  11:25  Marine  
  158  11:26  Marine  
  158  11:29  Marauder  
  158  11:30  Marine  
  158  11:31  Missile Turret  
  146  11:33  SCV x3  
  146  11:34  Marine  
  146  11:38  Siege Tank, Marine x2  
  144  11:43  Marine  
  144  11:44  Marine  
  144  11:45  SCV x3  
  144  11:47  Marine  
  144  11:50  Marine  
  144  11:52  Marine  
  140  11:56  Marine x2  
  140  11:57  SCV x2  
  140  12:00  Marine  
  128  12:02  Marine  
  128  12:04  Factory Tech Lab  
  128  12:05  Marine  
  128  12:08  Marine  
  126  12:09  Missile Turret  
  126  12:10  Marine, SCV  
Show
View Real Time Build Order
Export as new Build Order

MaxPax Protoss - Winner!

Build Orders: 1 Gate Expand, Blink Stalkers 

Get SALT Encoding   

  12  0:00  Probe  
  13  0:12  Probe  
  14  0:17  Pylon  
  14  0:24  Probe (Chrono Boost)  
  15  0:36  Gateway, Probe (Chrono Boost)  
  16  0:43  Probe (Chrono Boost)  
  16  0:45  Assimilator  
  17  0:51  Probe  
  18  1:03  Probe  
  19  1:15  Probe  
  20  1:22  Cybernetics Core  
  20  1:29  Nexus  
  20  1:34  Probe  
  21  1:40  Pylon  
  21  1:46  Probe  
  22  1:48  Assimilator  
  22  1:56  Adept (Chrono Boost)  
  22  1:58  Probe  
  22  2:00  Warp Gate  
  25  2:10  Probe  
  26  2:16  Adept (Chrono Boost)  
  26  2:22  Probe  
  29  2:27  Twilight Council  
  29  2:34  Probe  
  30  2:41  Stalker, Probe  
  33  2:46  Probe  
  34  2:53  Probe  
  34  2:54  Gateway  
  34  2:55  Blink (Chrono Boost)  
  35  2:59  Probe  
  36  3:06  Probe  
  36  3:11  Probe  
  38  3:18  Probe  
  39  3:22  Robotics Facility  
  39  3:24  Probe, Gateway  
  40  3:30  Probe  
  41  3:34  Pylon  
  41  3:36  Probe  
  40  3:42  Probe  
  40  3:48  Stalker x2, Probe  
  40  3:54  Probe  
  40  3:55  Pylon  
  45  4:05  Pylon  
  45  4:07  Warp Prism (Chrono Boost)  
  45  4:14  Stalker x2  
  51  4:19  Stalker  
  53  4:29  Nexus  
  53  4:32  Probe  
  53  4:33  Probe  
  55  4:40  Assimilator, Observer  
  55  4:44  Probe  
  55  4:45  Probe  
  58  4:54  Pylon  
  58  4:55  Stalker x3  
  58  4:56  Probe  
  58  4:58  Probe  
  66  5:04  Observer  
  67  5:09  Probe  
  67  5:10  Probe  
  69  5:17  Observer  
  69  5:21  Probe  
  70  5:23  Probe  
  71  5:31  Stalker x3  
  71  5:33  Probe  
  78  5:35  Forge  
  78  5:45  Observer  
  78  5:46  Probe (Chrono Boost)  
  78  5:47  Probe (Chrono Boost)  
  78  5:49  Probe (Chrono Boost)  
  79  5:52  Charge  
  79  5:55  Gateway  
  81  5:57  Probe (Chrono Boost)  
  81  5:58  Stalker x2, Probe (Chrono Boost), Gateway  
  81  5:59  Stalker, Gateway  
  81  6:00  Probe (Chrono Boost)  
  81  6:02  Probe x2 (Chrono Boost)  
  90  6:09  Probe  
  93  6:24  Pylon  
  91  6:26  Gateway  
  91  6:28  Protoss Ground Weapons Level 1 (Chrono Boost)  
  91  6:29  Gateway  
  91  6:32  Robotics Bay  
  91  6:37  Warp Prism (Chrono Boost)  
  91  6:39  Nexus  
  89  6:45  Pylon, Probe x2  
  89  6:47  Assimilator  
  93  6:51  Probe  
  94  6:54  Pylon  
  94  6:57  Sentry  
  94  6:58  Zealot x2  
  94  6:59  Shield Battery  
  94  7:00  Observer  
  94  7:01  Probe  
  101  7:02  Pylon  
  101  7:04  Probe  
  102  7:09  Zealot x3  
  102  7:10  Immortal (Chrono Boost)  
  104  7:17  Observer  
  104  7:22  Extended Thermal Lance, Probe x2  
  106  7:23  Zealot x5  
  106  7:27  Probe  
  117  7:31  Observer  
  117  7:34  Probe x2  
  119  7:38  Zealot x3  
  125  7:49  Colossus (Chrono Boost)  
  125  7:50  Probe  
  126  7:59  Probe  
  126  8:00  Probe  
  124  8:05  Probe  
  124  8:06  Probe  
  124  8:11  Zealot x3, Probe  
  124  8:12  Probe  
  134  8:14  Forge  
  134  8:16  Dark Shrine  
  134  8:17  Shield Battery, Pylon  
  134  8:18  Probe  
  135  8:22  Stalker x2  
  135  8:25  Pylon  
  139  8:28  Protoss Ground Weapons Level 2 (Chrono Boost)  
  139  8:31  Probe, Nexus  
  140  8:34  Pylon  
  140  8:35  Colossus (Chrono Boost), Probe x2  
  140  8:38  Gateway  
  140  8:39  Gateway  
  148  8:45  Zealot  
  148  8:46  Zealot x3  
  148  8:47  Protoss Ground Armor Level 1 (Chrono Boost)  
  156  8:49  Robotics Facility  
  156  9:16  Probe  
  155  9:17  Probe  
  155  9:18  Probe x2  
  155  9:20  Zealot x4, Shadow Stride (Chrono Boost)  
  162  9:26  Pylon  
  162  9:28  Pylon  
  162  9:30  Zealot x2, Gateway x2, Unknown  
  164  9:35  Pylon  
  164  9:37  Observer  
  164  9:38  Pylon  
  164  9:39  Colossus (Chrono Boost)  
  164  9:43  Probe x2  
  164  9:44  Shield Battery  
  164  9:45  Shield Battery, Pylon  
  170  9:46  Observer (Chrono Boost), Photon Cannon  
  169  9:53  Photon Cannon  
  169  9:56  Dark Templar x3, Zealot x2  
  169  9:57  Zealot x3, Photon Cannon  
  185  10:05  Zealot x2, Observer  
  189  10:08  Disruptor (Chrono Boost)  
  189  10:11  Probe  
  189  10:12  Probe  
  195  10:17  Zealot x2  
  199  10:26  Pylon  
  199  10:37  Nexus  
  199  10:41  Gateway  
  199  10:45  Gateway, Gravitic Drive  
  199  10:50  Photon Cannon  
  199  10:52  Photon Cannon  
  199  10:53  Shield Battery  
  199  10:55  Pylon  
  197  11:09  Disruptor (Chrono Boost)  
  195  11:16  Zealot x5  
  186  11:19  Zealot x2  
  186  11:20  Zealot x5  
  186  11:21  Colossus (Chrono Boost)  
  170  11:40  Stalker x3, Zealot x4  
  170  11:41  Zealot x7  
  170  11:42  Disruptor (Chrono Boost)  
  200  11:47  Assimilator  
  200  11:51  Assimilator  
  200  11:53  Pylon  
  188  12:00  Nexus  
  180  12:01  Pylon  
  180  12:03  Stalker x7, Zealot x5  
  200  12:11  Probe x2  
Tags
 
Add a new tag
Caveats
  • Supply blocks, unpowered buildings, or Contaminate may cause inaccurate times.
  • Supply counts are checked every 10 seconds.